 Dungeon Crawl Stone Soup version 0.19.5 (webtiles) character file.

8151 Kosschaser the Grappler (level 11, -5/103 (104) HPs)
             Began as a Troll Monk on Mar 1, 2017.
             Was a High Priest of Nemelex Xobeh.
             Shot with a bolt by a naga sharpshooter (20 damage)
             ... summoned by the player character
             ... on level 1 of the Lair of Beasts on Mar 2, 2017.
             The game lasted 00:33:23 (8083 turns).

Kosschaser the Grappler (Troll Monk)                Turns: 8083, Time: 00:33:23

HP:   -5/103 (104)  AC: 10    Str: 24    XL:     11   Next: 6%
MP:   11/11         EV: 13    Int:  6    God:    Nemelex Xobeh [*****.]
Gold: 469           SH:  3    Dex: 14    Spells: 0 memorised, 10 levels left

rFire  . . .     SeeInvis .       - Unarmed
rCold  + . .     Gourm    +     X - +1 troll leather armour
rNeg   . . .     Faith    .     (no shield)
rPois  +         Spirit   .     f - +2 hat
rElec  .         Reflect  +     (no cloak)
rCorr  +         Harm     .     (gloves unavailable)
MR     +....     Rnd*Rage +     (boots unavailable)
Stlth  +++.......               N - +3 amulet of reflection
                                I - ring of resist corrosion
                                Q - ring of poison resistance

@: lethally poisoned (-5 -> -5)
A: unfitting armour, claws 3, thin skeletal structure 1, berserk 1, cold
resistance 1, fast metabolism 3, gourmand, magic resistance 1, regeneration 1,
screaming 1, shaggy fur 1, tough skin 2, evolution 1
a: Triple Draw, Deal Four, Stack Five, Renounce Religion


You were on level 1 of the Lair of Beasts.
You worshipped Nemelex Xobeh.
Nemelex Xobeh was extremely pleased with you.
You were very full.

You visited 3 branches of the dungeon, and saw 12 of its levels.

You collected 636 gold pieces.
You spent 167 gold pieces at shops.

Inventory:

Missiles
 i - 8 tomahawks (quivered)
 E - 2 javelins
Armour
 f - a +2 hat (worn)
 F - a +2 robe of resistance
 X - a +1 troll leather armour (worn)
Jewellery
 d - an uncursed ring of protection from cold
 I - a ring of resist corrosion (right claw)
 N - a +3 amulet of reflection (around neck)
 Q - a ring of poison resistance (left claw)
Wands
 a - a wand of random effects (23/48)
 w - a wand of polymorph (8/24)
 A - a wand of paralysis (5/24)
 D - a wand of lightning (9/15)
 M - a wand of paralysis (10/24)
 T - a wand of iceblast (4/15)
Scrolls
 c - 2 scrolls of blinking
 e - 2 scrolls of fear
 g - 3 scrolls of noise
 h - a scroll of teleportation
 n - 6 scrolls of remove curse
 o - 2 scrolls of magic mapping
 v - 4 scrolls of fog
 x - 2 scrolls of random uselessness {unknown}
 z - a scroll of recharging {unknown}
 B - a scroll of immolation
 J - a scroll of amnesia
Potions
 k - 3 potions of might
 p - a potion of flight
 r - 4 potions of heal wounds
 s - 2 potions of cure mutation {unknown}
 t - a potion of curing {unknown}
 u - a potion of magic {unknown}
 H - a potion of haste {unknown}
 L - a potion of brilliance {unknown}
 P - a potion of degeneration {unknown}
 S - a potion of agility {unknown}
 U - a potion of lignification {unknown}
Books
 O - a book of Maledictions

   Spells                             Type                      Level
   a - Corona                         Hexes                        1
   b - Ensorcelled Hibernation        Hexes/Ice                    2
   c - Confuse                        Hexes                        3
   d - Tukima's Dance                 Hexes                        3
   e - Dazzling Spray                 Conjuration/Hexes            3
Miscellaneous
 j - a plain deck of destruction {drawn: 4}
 y - a plain deck of summoning {drawn: 7}
 K - an ornate deck of destruction
 R - a plain deck of destruction
 V - a lamp of fire
 W - an ornate deck of destruction
 Y - an ornate deck of summoning
Comestibles
 b - 8 bread rations
 l - 3 meat rations
 q - a royal jelly
 C - 7 beef jerkies
 G - 7 slices of pizza


   Skills:
 + Level 5.3 Fighting
 + Level 2.0 Throwing
 + Level 0.5 Armour
 + Level 6.2 Dodging
 + Level 3.3 Stealth
 + Level 13.2 Unarmed Combat
 + Level 1.8 Invocations


You had 10 spell levels left.
You didn't know any spells.

Dungeon Overview and Level Annotations

Branches:
Dungeon (10/15)            Temple (1/1) D:5            Lair (1/6) D:10
    Orc: D:9-12

Altars:
Ashenzari
Cheibriados
Dithmenos
Fedhas
Kikubaaqudgha
Nemelex Xobeh
Okawaru
Qazlal
Ru
Uskayaw
Vehumet
Xom
Yredelemnul
Zin

Shops:
D:5 (   D:6 [   D:10 [


Innate Abilities, Weirdness & Mutations

You are too large for most types of armour.
You have claws for hands.
Your metabolism is lightning-fast.
You like to eat raw meat.
Your natural rate of healing is unusually fast.
You are covered in fur. (AC +1)
You have very tough skin. (AC +2)
You have a somewhat thin skeletal structure. (Dex +2, Stealth)
You tend to lose your temper in combat.
Your flesh is cold resistant. (rC+)
You are resistant to hostile enchantments. (MR+)
You occasionally shout uncontrollably at your foes.
You evolve.


Message History

The naga sharpshooter mumbles some strange words.
The naga sharpshooter magically shoots a bolt.
The bolt hits you!!
The bolt disappears in a puff of smoke! x2
The naga sharpshooter gestures wildly while chanting.
The naga sharpshooter magically shoots a bolt.
The bolt hits you!!
* * * LOW HITPOINT WARNING * * *
The bolt disappears in a puff of smoke! x2
The naga sharpshooter spits poison at you.
The splash of poison hits you!
You are poisoned.
You resist.
* * * LOW HITPOINT WARNING * * *
You feel sick.
You feel sick.
The naga sharpshooter casts a spell.
The naga sharpshooter magically shoots a bolt.
The bolt hits you!!
You die...
Your body glows with a rainbow of weird colours and disappears.

# ############## ####.##
#............# ......(
#.....[......# .......
#............## ##††.....
#.............###NY......
#..(.........+...#.......
#......†..<)@.##.#YS.....
#............###.+.......
#............# ###!......
#####P######## ....... ##
######.


You could see a naga sharpshooter and a yak.

Vanquished Creatures
  A troll (D:10)
  A two-headed ogre (D:10)
  A hippogriff (D:8)
  A wyvern (D:9)
  8 yaks
  A hungry ghost (D:9)
  3 hogs (D:9)
  A human (D:9)
  2 steam dragons (D:10)
  Menkaure (D:4)
  An ice beast (D:8)
  5 sky beasts
  A slave (D:5)
  2 orc warriors (D:6)
  2 necrophages
  3 ogres
  A centaur (D:9)
  A big kobold (D:8)
  11 bullfrogs
  Dowan (D:5)
  2 scorpions
  A vampire bat (D:2)
  3 crimson imps
  A howler monkey (D:4)
  A centaur zombie (D:5)
  2 jellies
  4 hounds
  8 orc priests
  A bullfrog skeleton (D:3)
  4 iguanas
  10 orc wizards
  Natasha (D:4)
  7 worker ants
  A killer bee zombie (D:10)
  A hound zombie (D:5)
  A hound skeleton (D:9)
  2 howler monkey zombies
  2 worker ant zombies
  Robin (D:3)
  A howler monkey skeleton (D:10)
  11 adders
  3 shadow imps
  An adder skeleton (D:6)
  5 worms
  2 dart slugs (D:1)
  6 leopard geckos
  23 orcs
  4 ball pythons
  2 bat skeletons (D:2)
  2 bat zombies (D:2)
  6 giant cockroaches
  13 goblins
  9 hobgoblins
  5 quokkas
  6 bats
  2 frilled lizards
  2 jackal zombies
  12 kobolds
  A leopard gecko skeleton (D:7)
  2 quokka skeletons
  9 rats
228 creatures vanquished.

Vanquished Creatures (collateral kills)
  Pikel (D:5)
  Grinder (D:5)
  A yak (Lair:1)
  Duvessa (D:5)
  An orc warrior (D:10)
  An ice beast (D:10)
  A crimson imp (D:10)
  2 orc priests (D:10)
  An adder (D:10)
  5 orcs
15 creatures vanquished.

Vanquished Creatures (others)
  5 yaks (Lair:1)
  A water moccasin (Lair:1)
  A slave (D:5)
  A scorpion (D:5)
  A ball lightning (Lair:1)
  An orc (D:6)
10 creatures vanquished.

Grand Total: 253 creatures vanquished

Notes
Turn   | Place    | Note
-------+----------+-------------------------------------------
     0 | D:1      | Kosschaser the Troll Monk began the quest for the Orb.
     0 | D:1      | Reached XP level 1. HP: 22/22 MP: 0/0
   168 | D:1      | Reached XP level 2. HP: 29/29 MP: 1/1
   512 | D:2      | Found a shimmering altar of Xom.
   566 | D:2      | Found a shattered altar of Ashenzari.
   802 | D:2      | Reached XP level 3. HP: 35/36 MP: 2/2
  1015 | D:2      | Reached skill level 4 in Unarmed Combat
  1015 | D:2      | Reached XP level 4. HP: 42/44 MP: 3/3
  1073 | D:2      | Upgraded the game from 0.19.4-25-g1b72edd to 0.19.5
  1150 | D:2      | Found an ancient bone altar of Kikubaaqudgha.
  1381 | D:3      | Reached XP level 5. HP: 43/52 MP: 4/4
  1692 | D:3      | Noticed Robin
  1735 | D:3      | Killed Robin
  1884 | D:4      | Reached skill level 5 in Unarmed Combat
  1996 | D:4      | Noticed an ogre
  2022 | D:3      | Reached XP level 6. HP: 12/59 MP: 5/5
  2233 | D:4      | Found a faded altar of an unknown god.
  2233 | D:4      | Found a faded altar of an unknown god.
  2242 | D:4      | Found a faded altar of an unknown god.
  2244 | D:4      | Found a faded altar of an unknown god.
  2246 | D:4      | Found a snail-covered altar of Cheibriados.
  2451 | D:4      | Noticed Menkaure
  2454 | D:4      | Noticed Natasha
  2458 | D:4      | Killed Menkaure
  2461 | D:4      | Killed Natasha
  2461 | D:4      | Reached skill level 6 in Unarmed Combat
  2650 | D:5      | Entered Level 5 of the Dungeon
  2656 | D:5      | Reached XP level 7. HP: 67/67 MP: 6/6
  2761 | D:5      | Found a staircase to the Ecumenical Temple.
  2767 | Temple   | Entered the Ecumenical Temple
  2785 | Temple   | Became a worshipper of Nemelex Xobeh the Trickster
  2785 | Temple   | Received a gift from Nemelex Xobeh
  2785 | Temple   | Reached * piety under Nemelex Xobeh
  2785 | Temple   | Received a gift from Nemelex Xobeh
  2785 | Temple   | Reached ** piety under Nemelex Xobeh
  2840 | D:5      | Found a radiant altar of Vehumet.
  2853 | D:5      | Noticed Grinder
  2853 | D:5      | Noticed Pikel
  2868 | D:5      | Paralysed by Pikel for 2 turns
  2877 | D:5      | Killed Pikel
  2877 | D:5      | Reached skill level 7 in Unarmed Combat
  2888 | D:5      | Killed Grinder
  2888 | D:5      | Reached XP level 8. HP: 43/75 MP: 7/7
  2944 | D:5      | Noticed Dowan
  2966 | D:5      | Killed Dowan
  2966 | D:5      | Reached skill level 8 in Unarmed Combat
  3028 | D:5      | Found a stormy altar of Qazlal.
  3052 | D:5      | Noticed Duvessa
  3067 | D:5      | Killed Duvessa
  3228 | D:5      | Received a gift from Nemelex Xobeh
  3277 | D:5      | Found Xinurchay's Antique Weapon Emporium.
  3378 | D:5      | Reached skill level 1 in Invocations
  3649 | D:6      | Reached skill level 9 in Unarmed Combat
  3804 | D:6      | Reached XP level 9. HP: 85/85 MP: 8/8
  3860 | D:6      | Found Tificw's Antique Armour Emporium.
  3876 | D:6      | Bought an embroidered robe for 167 gold pieces
  4554 | D:7      | Found an iron altar of Okawaru.
  4580 | D:7      | Reached skill level 10 in Unarmed Combat
  4727 | D:7      | Received a gift from Nemelex Xobeh
  4898 | D:7      | Gained mutation: You have a somewhat thin skeletal structure. (Dex +2, Stealth) [mutagenic meat]
  4899 | D:7      | Gained mutation: Your flesh is cold resistant. (rC+) [mutagenic meat]
  4900 | D:7      | Gained mutation: You occasionally shout uncontrollably at your foes. [mutagenic meat]
  4901 | D:7      | Gained mutation: You tend to lose your temper in combat. [mutagenic meat]
  4902 | D:7      | Gained mutation: You evolve. [mutagenic meat]
  5209 | D:8      | Reached skill level 5 in Dodging
  5258 | D:8      | Reached *** piety under Nemelex Xobeh
  5316 | D:8      | Reached skill level 11 in Unarmed Combat
  5561 | D:8      | Received a gift from Nemelex Xobeh
  6022 | D:9      | Found a blossoming altar of Fedhas.
  6039 | D:9      | Reached XP level 10. HP: 67/93 MP: 10/10
  6158 | D:9      | Reached skill level 5 in Fighting
  6219 | D:9      | Reached skill level 12 in Unarmed Combat
  6368 | D:9      | Reached skill level 1 in Throwing
  6412 | D:9      | Reached **** piety under Nemelex Xobeh
  6528 | D:9      | Gained mutation: You are resistant to hostile enchantments. (MR+) [mutagenic meat]
  7090 | D:10     | Entered Level 10 of the Dungeon
  7399 | D:10     | Found a staircase to the Lair.
  7544 | D:10     | Received a gift from Nemelex Xobeh
  7755 | D:10     | Found Imaune's Antique Armour Boutique.
  7825 | D:10     | Received a gift from Nemelex Xobeh
  7918 | D:10     | Reached ***** piety under Nemelex Xobeh
  8048 | Lair:1   | Entered Level 1 of the Lair of Beasts
  8073 | Lair:1   | Reached skill level 13 in Unarmed Combat
  8074 | Lair:1   | Reached XP level 11. HP: 53/103 MP: 11/11
  8083 | Lair:1   | Shot with a bolt by a naga sharpshooter

Skill      XL: |  1  2  3  4  5  6  7  8  9 10 |
---------------+-------------------------------+-----
Unarmed Combat | 4 5 6 7 9 11 13 | 13.2
Dodging        | 3 4 5 6 |  6.2
Fighting       | 3 4 5 |  5.3
Stealth        | 2 3 |  3.3
Invocations    | 1 |  1.8
Throwing       | 2 |  2.0
Armour         | |  0.5

Action                   |  1- 3 |  4- 6 |  7- 9 | 10-12 || total
-------------------------+-------+-------+-------+-------++-------
Melee: Unarmed           |   104 |   167 |   286 |   116 ||   673
       Punch             |       |     3 |    12 |     6 ||    21
Throw: Tomahawk          |     8 |       |       |     7 ||    15
Evoke: Deck              |       |       |     6 |     9 ||    15
  Use: Scroll            |       |     6 |     5 |     4 ||    15
 Stab: Sleeping          |     2 |     4 |     2 |     3 ||    11
       Distracted        |       |       |     1 |       ||     1
  Eat: Chunk             |    12 |    16 |    38 |    22 ||    88
Armor: Robe              |    55 |    64 |    79 |    15 ||   213
       Troll leather arm |       |       |       |     5 ||     5
Dodge: Dodged            |    57 |    80 |   136 |    57 ||   330
Block: Other             |       |       |     3 |     8 ||    11
       Reflection        |       |       |     2 |     1 ||     3
